NWL
LOS ANGELES A (SS-A) ANGELS @ LOS ANGELES N (SS-A) DODGERS
07/31/2099
 
TOP OF THE 1ST
Los Angeles A (SS-A) Angels batting - Pitching for Los Angeles N (SS-A) Dodgers : LHP Steve Lent
Pitching: LHP Steve Lent
Batting: RHB Chris Kuhn 0-0: Ball
1-0: Ball
2-0: Foul Ball, location: 5F
2-1: Foul Ball, location: 3F
2-2: Foul Ball, location: 3FF
2-2: Ball
3-2: Strikes out swinging
Batting: SHB Jarod Heckman 0-0: Ball
1-0: Foul Ball, location: 9LDF
1-1: Foul Ball, location: 9LMF
1-2: SINGLE (Groundball, 6MD, EV 98.1 MPH)
Batting: RHB Scott Havens 0-0: Swinging Strike
0-1: Ball
1-1: Ball
2-1: Swinging Strike
2-2: Strikes out swinging
Batting: LHB Mickey Jewers 0-0: Called Strike
0-1: Swinging Strike
0-2: Ball
1-2: Foul Ball, location: 3FF
1-2: Ball
2-2: Ball
Jarod Heckman is caught stealing 2nd base 2-6
Top of the 1st over - 0 runs, 1 hit, 0 errors, 0 left on base; Los Angeles A (SS-A) 0 - Los Angeles N (SS-A) 0
BOTTOM OF THE 1ST
Los Angeles N (SS-A) Dodgers batting - Pitching for Los Angeles A (SS-A) Angels : RHP Matt Reinert
Pitching: RHP Matt Reinert
Batting: RHB Nate Gillis 0-0: Called Strike
0-1: Swinging Strike
0-2: Ball
1-2: Ball
2-2: Ground out 1-3 (Groundball, 15S, EV 64.4 MPH)
Batting: LHB Ryan Pavone 0-0: Foul Ball, location: 5DF
0-1: Ball
1-1: Called Strike
1-2: Ball
2-2: Ball
3-2: Ground out 6-3 (Groundball, 6, EV 105.0 MPH)
Batting: LHB Micah Vogel 0-0: Ball
1-0: Ball
2-0: Foul Ball, location: 7LDF
2-1: Foul Ball, location: 7LDF
2-2: Fly out, F8 (Flyball, 8RXD, EV 92.5 MPH)
Bottom of the 1st over - 0 runs, 0 hits, 0 errors, 0 left on base; Los Angeles A (SS-A) 0 - Los Angeles N (SS-A) 0
TOP OF THE 2ND
Los Angeles A (SS-A) Angels batting - Pitching for Los Angeles N (SS-A) Dodgers : LHP Steve Lent
Batting: LHB Mickey Jewers 0-0: Called Strike
0-1: Ground out 4-3 (Groundball, 4, EV 101.3 MPH)
Batting: RHB Dustin Flowers 0-0: Ball
1-0: Ball
2-0: Ball
3-0: Called Strike
3-1: Base on Balls
Batting: LHB Dean Neufeld 0-0: Ball
1-0: Ball
2-0: Called Strike
2-1: SINGLE (Line Drive, 8LS, EV 103.8 MPH)
Dustin Flowers to second
Batting: RHB Ken Bahr 0-0: Ball
1-0: Foul Ball, location: 2F
1-1: Foul Ball, location: 5F
1-2: Ball
2-2: Strikes out swinging
Batting: RHB Damian Terrazas 0-0: Called Strike
0-1: Swinging Strike
0-2: Ball
1-2: Ball
2-2: Strikes out swinging
Top of the 2nd over - 0 runs, 1 hit, 0 errors, 2 left on base; Los Angeles A (SS-A) 0 - Los Angeles N (SS-A) 0
BOTTOM OF THE 2ND
Los Angeles N (SS-A) Dodgers batting - Pitching for Los Angeles A (SS-A) Angels : RHP Matt Reinert
Batting: LHB Mike Ludwig 0-0: Ball
1-0: Foul Ball, location: 2LF
1-1: Foul Ball, location: 25F
1-2: Ball
2-2: Ball
3-2: Fly out, F3 (Popup, 3D, EV 61.9 MPH)
Batting: RHB Rich Ede 0-0: Ball
1-0: Swinging Strike
1-1: Ball
2-1: Foul Ball, location: 3DF
2-2: Foul Ball, location: 3FF
2-2: Foul Ball, location: 9LDF
2-2: Ball
3-2: Foul Ball, location: 9LSF
3-2: Base on Balls
Batting: RHB Ivan Morales 0-0: Called Strike
0-1: Ball
1-1: SINGLE (Groundball, 6MS, EV 70.6 MPH) (infield hit)
Rich Ede to second
Batting: RHB Steven Thomas Balk!
Rich Ede to third
Ivan Morales to second
0-0: Ball
1-0: Swinging Strike
1-1: Called Strike
1-2: Foul Ball, location: 2F
1-2: Foul Ball, location: 2F
1-2: Foul Ball, location: 3FF
1-2: Ball
2-2: Ball
3-2: Reached on error, E2 (Groundball, 13S, EV 69.4 MPH)
Batting: RHB Earl Adams 0-0: Ball
1-0: Foul Ball, location: 7LDF
1-1: Ball
2-1: Grounds into double play, 5-2-3 (Groundball, 56S, EV 83.8 MPH)
Bottom of the 2nd over - 0 runs, 1 hit, 1 error, 2 left on base; Los Angeles A (SS-A) 0 - Los Angeles N (SS-A) 0
TOP OF THE 3RD
Los Angeles A (SS-A) Angels batting - Pitching for Los Angeles N (SS-A) Dodgers : LHP Steve Lent
Batting: RHB Rafael Perez 0-0: Foul Ball, location: 9LDF
0-1: Called Strike
0-2: Ball
1-2: Foul Ball, location: 9LMF
1-2: Ball
2-2: Foul Ball, location: 2F
2-2: Fly out, F8 (Flyball, 8RM, EV 92.5 MPH)
Batting: RHB Chris Kuhn 0-0: Called Strike
0-1: Ball
1-1: Ball
2-1: Foul Ball, location: 5F
2-2: Ground out 3-1 (Groundball, 34, EV 103.1 MPH)
Batting: SHB Jarod Heckman 0-0: Ball
1-0: Swinging Strike
1-1: Ball
2-1: Foul Ball, location: 2F
2-2: Fly out, F8 (Flyball, 89D, EV 102.5 MPH)
Top of the 3rd over - 0 runs, 0 hits, 0 errors, 0 left on base; Los Angeles A (SS-A) 0 - Los Angeles N (SS-A) 0
BOTTOM OF THE 3RD
Los Angeles N (SS-A) Dodgers batting - Pitching for Los Angeles A (SS-A) Angels : RHP Matt Reinert
Batting: LHB Prospero David 0-0: Called Strike
0-1: Ball
1-1: Called Strike
1-2: Ball
2-2: Ball
3-2: Base on Balls
Batting: RHB Nate Gillis 0-0: Called Strike
0-1: Swinging Strike
0-2: Ball
1-2: Ball
2-2: Ball
3-2: TRIPLE (Line Drive, 9LD, EV 103.1 MPH)
Prospero David scores
Batting: LHB Ryan Pavone 0-0: Swinging Strike
0-1: Fly out, F5 (Popup, 5SF, EV 75.6 MPH)
Batting: LHB Micah Vogel 0-0: Swinging Strike
0-1: Called Strike
0-2: Strikes out swinging
Batting: LHB Mike Ludwig 0-0: Foul Ball, location: 7LSF
0-1: Foul Ball, location: 7LMF
0-2: Ball
1-2: SINGLE (Groundball, 3D, EV 98.8 MPH)
Nate Gillis scores
Batting: RHB Rich Ede 0-0: Fielders Choice at 2nd, 5-4 (Groundball, 56, EV 110.6 MPH)
Bottom of the 3rd over - 2 runs, 2 hits, 0 errors, 1 left on base; Los Angeles A (SS-A) 0 - Los Angeles N (SS-A) 2
TOP OF THE 4TH
Los Angeles A (SS-A) Angels batting - Pitching for Los Angeles N (SS-A) Dodgers : LHP Steve Lent
Batting: RHB Scott Havens 0-0: Called Strike
0-1: Ball
1-1: Fly out, F9 (Flyball, 89M, EV 92.5 MPH)
Batting: LHB Mickey Jewers 0-0: Ball
1-0: Foul Ball, location: 3F
1-1: Called Strike
1-2: Fly out, F7 (Flyball, 7D, EV 93.8 MPH)
Batting: RHB Dustin Flowers 0-0: SINGLE (Line Drive, 56, EV 101.9 MPH)
Batting: LHB Dean Neufeld 0-0: Called Strike
0-1: Called Strike
0-2: Ball
1-2: Ball
2-2: Strikes out looking
Top of the 4th over - 0 runs, 1 hit, 0 errors, 1 left on base; Los Angeles A (SS-A) 0 - Los Angeles N (SS-A) 2
BOTTOM OF THE 4TH
Los Angeles N (SS-A) Dodgers batting - Pitching for Los Angeles A (SS-A) Angels : RHP Matt Reinert
Batting: RHB Ivan Morales 0-0: Called Strike
0-1: Called Strike
0-2: Strikes out swinging
Batting: RHB Steven Thomas 0-0: Ball
1-0: Called Strike
1-1: Ball
2-1: Foul Ball, location: 2F
2-2: Ground out 5-3 (Groundball, 56S, EV 72.5 MPH)
Batting: RHB Earl Adams 0-0: DOUBLE (Line Drive, 9LS, EV 93.1 MPH)
Batting: LHB Prospero David 0-0: Ball
1-0: Called Strike
1-1: Fly out, F6 (Line Drive, 6M, EV 64.4 MPH)
Bottom of the 4th over - 0 runs, 1 hit, 0 errors, 1 left on base; Los Angeles A (SS-A) 0 - Los Angeles N (SS-A) 2
TOP OF THE 5TH
Los Angeles A (SS-A) Angels batting - Pitching for Los Angeles N (SS-A) Dodgers : LHP Steve Lent
Batting: RHB Ken Bahr 0-0: Swinging Strike
0-1: Foul Ball, location: 23F
0-2: Ball
1-2: Fly out, F8 (Flyball, 8RD, EV 94.4 MPH)
Batting: RHB Damian Terrazas 0-0: Called Strike
0-1: Foul Ball, location: 2F
0-2: Strikes out looking
Batting: RHB Rafael Perez 0-0: Swinging Strike
0-1: Foul Ball, location: 9LDF
0-2: Ball
1-2: Ball
2-2: SINGLE (Flyball, 4D, EV 97.5 MPH)
Batting: RHB Chris Kuhn 0-0: Called Strike
0-1: Ball
1-1: Swinging Strike
1-2: Ball
2-2: Strikes out swinging
Top of the 5th over - 0 runs, 1 hit, 0 errors, 1 left on base; Los Angeles A (SS-A) 0 - Los Angeles N (SS-A) 2
BOTTOM OF THE 5TH
Los Angeles N (SS-A) Dodgers batting - Pitching for Los Angeles A (SS-A) Angels : RHP Matt Reinert
Batting: RHB Nate Gillis 0-0: Ball
1-0: Ball
2-0: Ball
3-0: Called Strike
3-1: Ground out 5-3 (Groundball, 56S, EV 85.6 MPH)
Pitching: RHP Miguel Guerrero
Batting: LHB Ryan Pavone 0-0: Ball
1-0: Ball
2-0: Foul Ball, location: 7LMF
2-1: Foul Ball, location: 7LMF
2-2: Fly out, F8 (Flyball, 89S, EV 92.5 MPH)
Batting: LHB Micah Vogel 0-0: Ball
1-0: Ball
2-0: Called Strike
2-1: Foul Ball, location: 5F
2-2: Ball
3-2: Base on Balls
Batting: LHB Mike Ludwig 0-0: Ball
1-0: Ball
2-0: Ground out 1-3 (Groundball, 13S, EV 72.5 MPH)
Bottom of the 5th over - 0 runs, 0 hits, 0 errors, 1 left on base; Los Angeles A (SS-A) 0 - Los Angeles N (SS-A) 2
TOP OF THE 6TH
Los Angeles A (SS-A) Angels batting - Pitching for Los Angeles N (SS-A) Dodgers : LHP Steve Lent
Batting: SHB Jarod Heckman 0-0: Swinging Strike
0-1: Called Strike
0-2: Ball
1-2: Fly out, F8 (Flyball, 8RXD, EV 98.1 MPH)
Batting: RHB Scott Havens 0-0: Swinging Strike
0-1: Ball
1-1: Ground out U3 (Groundball, 3S, EV 85.6 MPH)
Batting: LHB Mickey Jewers 0-0: Ball
1-0: Fly out, F6 (Popup, 4M, EV 53.8 MPH)
Top of the 6th over - 0 runs, 0 hits, 0 errors, 0 left on base; Los Angeles A (SS-A) 0 - Los Angeles N (SS-A) 2
BOTTOM OF THE 6TH
Los Angeles N (SS-A) Dodgers batting - Pitching for Los Angeles A (SS-A) Angels : RHP Miguel Guerrero
Batting: RHB Rich Ede 0-0: Ground out 5-3 (Groundball, 56S, EV 91.9 MPH)
Batting: RHB Ivan Morales 0-0: Ball
1-0: Swinging Strike
1-1: Foul Ball, location: 5F
1-2: Foul Ball, location: 2F
1-2: Foul Ball, location: 2F
1-2: Ball
2-2: Fly out, F8 (Flyball, 8LS, EV 85.0 MPH)
Batting: RHB Steven Thomas 0-0: Ball
1-0: Foul Ball, location: 3DF
1-1: Swinging Strike
1-2: Strikes out looking
Bottom of the 6th over - 0 runs, 0 hits, 0 errors, 0 left on base; Los Angeles A (SS-A) 0 - Los Angeles N (SS-A) 2
TOP OF THE 7TH
Los Angeles A (SS-A) Angels batting - Pitching for Los Angeles N (SS-A) Dodgers : LHP Steve Lent
Pitching: RHP Juan Salazar
Now at 1B: Devin Gleason
Batting: RHB Dustin Flowers 0-0: Ground out 4-3 (Groundball, 4, EV 82.5 MPH)
Batting: LHB Dean Neufeld 0-0: Called Strike
0-1: Ball
1-1: Ground out U3 (Groundball, 3, EV 107.5 MPH)
Batting: RHB Ken Bahr 0-0: Fly out, F6 (Popup, 4S, EV 81.9 MPH)
Top of the 7th over - 0 runs, 0 hits, 0 errors, 0 left on base; Los Angeles A (SS-A) 0 - Los Angeles N (SS-A) 2
BOTTOM OF THE 7TH
Los Angeles N (SS-A) Dodgers batting - Pitching for Los Angeles A (SS-A) Angels : RHP Miguel Guerrero
Pitching: LHP Byron Hadley
Batting: RHB Earl Adams 0-0: Called Strike
0-1: Ball
1-1: Fly out, F2 (Popup, 25F, EV 81.3 MPH)
Batting: LHB Prospero David 0-0: Swinging Strike
0-1: Fly out, F4 (Popup, 4D, EV 70.0 MPH)
Batting: RHB Nate Gillis 0-0: Ball
1-0: Ball
2-0: SINGLE (Groundball, 56, EV 110.0 MPH)
Pinch Hitting: RHB Josh Woodruff 0-0: Ball
1-0: Called Strike
1-1: Ball
2-1: Ball
3-1: Fly out, F7 (Flyball, 78D, EV 93.1 MPH)
Bottom of the 7th over - 0 runs, 1 hit, 0 errors, 1 left on base; Los Angeles A (SS-A) 0 - Los Angeles N (SS-A) 2
TOP OF THE 8TH
Los Angeles A (SS-A) Angels batting - Pitching for Los Angeles N (SS-A) Dodgers : RHP Juan Salazar
Now in LF: Matt Lewis
Pinch Hitting: LHB Russ Trahan 0-0: Foul Ball, location: 7LSF
0-1: Ball
1-1: Foul Ball, location: 2F
1-2: Strikes out looking
Batting: RHB Rafael Perez 0-0: Called Strike
0-1: Ball
1-1: Fly out, F7 (Flyball, 78S, EV 72.5 MPH)
Batting: RHB Chris Kuhn 0-0: Called Strike
0-1: Ball
1-1: Ball
2-1: Called Strike
2-2: Ball
3-2: Strikes out swinging
Top of the 8th over - 0 runs, 0 hits, 0 errors, 0 left on base; Los Angeles A (SS-A) 0 - Los Angeles N (SS-A) 2
BOTTOM OF THE 8TH
Los Angeles N (SS-A) Dodgers batting - Pitching for Los Angeles A (SS-A) Angels : LHP Byron Hadley
Now in LF: Ken Bahr
Now in RF: Allan Orr
Batting: LHB Micah Vogel 0-0: Ground out 5-3 (Groundball, 5, EV 103.1 MPH)
Batting: RHB Devin Gleason 0-0: Ball
1-0: Foul Ball, location: 9LDF
1-1: Swinging Strike
1-2: Strikes out looking
Batting: RHB Rich Ede 0-0: Foul Ball, location: 23F
0-1: Fly out, F5 (Popup, 5S, EV 85.6 MPH)
Bottom of the 8th over - 0 runs, 0 hits, 0 errors, 0 left on base; Los Angeles A (SS-A) 0 - Los Angeles N (SS-A) 2
TOP OF THE 9TH
Los Angeles A (SS-A) Angels batting - Pitching for Los Angeles N (SS-A) Dodgers : RHP Juan Salazar
Pitching: RHP Rich Londono
Batting: SHB Jarod Heckman 0-0: Ball
1-0: Called Strike
1-1: Foul Ball, location: 25FF
1-2: Strikes out swinging
Batting: RHB Scott Havens 0-0: Fly out, F7 (Flyball, 78S, EV 91.9 MPH)
Pitching: LHP Travis Baty
Batting: RHB Armando Gonzalez 0-0: Called Strike
0-1: Ball
1-1: Ball
2-1: Called Strike
2-2: Ground out 5-3 (Groundball, 56, EV 85.0 MPH)
Top of the 9th over - 0 runs, 0 hits, 0 errors, 0 left on base; Los Angeles A (SS-A) 0 - Los Angeles N (SS-A) 2
Monday, May 13th , 2024 - OOTP Baseball 24.11 Build 85